 Dungeon Crawl Stone Soup version 0.31-a0-188-g5e087ee2ca (webtiles) character file.

Game seed: 10521126663775536313

16 qw the Shooter (level 2, -4/16 HPs)
             Began as a Deep Elf Hunter on June 22, 2023.
             Slain by a gnoll
             ... wielding a +0 spear
              (5 damage)
             ... on level 1 of the Dungeon.
             The game lasted 00:00:07 (401 turns).

qw the Shooter (Deep Elf Hunter)                     Turns: 401, Time: 00:00:08

Health: -4/16      AC:  3    Str:  8    XL:     2   Next: 41%
Magic:  4/4        EV: 12    Int: 13    God:
Gold:   36         SH:  0    Dex: 18    Spells: 1/1 levels left

rFire   . . .        a - +0 shortbow
rCold   . . .        (shield currently unavailable)
rNeg    . . .        c - +0 leather armour
rPois   .            (no helmet)
rElec   .            (no cloak)
rCorr   .            (no gloves)
SInv    .            (no boots)
Will    .....        (no amulet)
Stlth   ++           (no ring)
HPRegen 0.22/turn    (no ring)
MPRegen 0.09/turn

%: no passive effects
@: no status effects
A: no striking features
a: no special abilities


You were on level 1 of the Dungeon.
You visited 1 branch of the dungeon, and saw 1 of its levels.

You collected 36 gold pieces.


   Skills:
 - Level 1.5 Fighting
 + Level 6.2 Ranged Weapons
 - Level 2.4 Dodging
 - Level 1.2 Stealth


You had one spell level left.
You didn't know any spells.
Your spell library was empty.

Inventory:

Hand Weapons
 a - a +0 shortbow (weapon)
Armour
 c - a +0 leather armour (worn)
 i - a +0 ring mail
Scrolls
 b - a scroll of butterflies
 d - a scroll of amnesia {unknown}
 g - a scroll of revelation {unknown}
 h - a scroll of noise {unknown}
Potions
 e - a potion of degeneration {unknown}
 f - a potion of attraction {unknown}

Dungeon Overview and Level Annotations

Branches:
Dungeon (1/15)

Altars:


Message History

You shoot an arrow. The arrow hits the frilled lizard.
You kill the frilled lizard!
i - a +0 ring mail A jackal and a rat come into view.
Enter note:
Enter note:
Enter note: You shoot an arrow.
The arrow hits the jackal but does no damage.
The jackal barks!
A gnoll comes into view. It is wielding a +0 spear.
A jackal comes into view.
You shoot an arrow. The arrow barely misses the jackal.
The gnoll shouts!
The jackal barks!
The arrow hits the rat!
You kill the rat!
395 ||| Stepping ~*~*~tactically~*~*~ (outnumbered).
You shoot an arrow.
The arrow hits the jackal but does no damage.
You shoot an arrow. The arrow hits the jackal.
The jackal is lightly wounded.
You shoot an arrow. The arrow hits the jackal.
The jackal is heavily wounded.
The jackal closely misses you. x2
The gnoll hits you from afar with a +0 spear!
The jackal bites you but does no damage.
You shoot an arrow. The arrow barely misses the jackal.
The jackal bites you.
The jackal bites you but does no damage.
The gnoll misses you.
The jackal bites you but does no damage.
The jackal bites you.
You shoot an arrow. The arrow hits the jackal.
You kill the jackal!
The gnoll hits you from afar with a +0 spear.
The jackal closely misses you.
You shoot an arrow. The arrow closely misses the jackal.
The jackal bites you but does no damage.
The gnoll hits you from afar with a +0 spear.
You die...

#######.#.#.. ......
...... ...... ######
###### #... #...@# #...
#############..h%##..
#.....#
............'....g..g...
.....
#############%...##.....
....# #....# .... # #.#
#...)# ### #.. #....#
### #....# #. #....# #
#.


You could see a gnoll and a jackal.

Vanquished Creatures
  A dart slug (D:1)
  2 ball pythons (D:1)
  An endoplasm (D:1)
  A giant cockroach (D:1)
  2 goblins (D:1)
  A jackal (D:1)
  2 quokkas (D:1)
  2 frilled lizards (D:1)
  A rat (D:1)
13 creatures vanquished.

Notes
Turn   | Place    | Note
-------+----------+-------------------------------------------
     0 | D:1      | qw the Deep Elf Hunter began the quest for the Orb.
     0 | D:1      | Reached XP level 1. HP: 12/12 MP: 3/3
     0 | D:1      | 0 ||| qw: Version: 0.3-a-9-g12657ce
     0 | D:1      | 0 ||| qw: Game counter: 2928
     0 | D:1      | 0 ||| qw: Always use a shield: true
     0 | D:1      | 0 ||| qw: God list: Okawaru
     0 | D:1      | 0 ||| qw: Allow faded altars: false
     0 | D:1      | 0 ||| qw: Do Orc after D:15 true
     0 | D:1      | 0 ||| qw: Do second Lair branch before Depths: true
     0 | D:1      | 0 ||| qw: Lair rune preference: random
     0 | D:1      | 0 ||| qw: Plans: Normal
     0 | D:1      | 0 ||| PLANNING D:1-11
   279 | D:1      | Reached skill level 6 in Ranged Weapons
   279 | D:1      | Reached XP level 2. HP: 16/16 MP: 4/4
   395 | D:1      | 395 ||| Stepping ~*~*~tactically~*~*~ (outnumbered).
   400 | D:1      | HP: 1/16 [gnoll/+0 spear (6)]
   401 | D:1      | Slain by a gnoll

Levels and vault maps discovered:
D:1:      lordsloth_arrival_two_stooges, layout_basic

Skill      XL: |  1 |
---------------+----+-----
Ranged Weapons | 6 |  6.2
Fighting       | |  1.5
Dodging        | |  2.4
Stealth        | |  1.2

Action                     || total
---------------------------++-------
   Fire: Shortbow          ||    29
 Armour: Leather armour    ||     5
  Dodge: Dodged            ||    10

Table legend:
 A = Non-vault XP
 B = Vault XP
 C = Vault XP percentage of total XP
 D = Non-vault monster count
 E = Vault monster count
 F = Vault count percentage of total count
                 A         B        C        D         E       F
            +---------+---------+-------+---------+---------+-------
      Total |      24 |       0 |   0.0 |      13 |       0 |   0.0
            +---------+---------+-------+---------+---------+-------
        D:1 |      24 |       0 |   0.0 |      13 |       0 |   0.0
            +---------+---------+-------+---------+---------+-------
